 Dungeon Crawl Stone Soup version 0.32-a0-747-gc8563f6773 (webtiles) character file.

Game seed: 11468327513481527707

2089 MagicSucks the Ruffian (level 9, -3/61 HPs)
             Began as a Naga Shapeshifter on Mar 17, 2024.
             Was an Initiate of Cheibriados.
             Slain by an orc
             ... wielding a +0 trident
              (8 damage)
             ... on level 7 of the Dungeon.
             The game lasted 00:12:44 (8009 turns).

MagicSucks the Ruffian (Naga Shapeshifter)          Turns: 8009, Time: 00:12:45

Health: -3/61      AC:  5    Str: 19    XL:     9   Next: 27%
Magic:  9/9        EV:  8    Int: 11    God:    Cheibriados [......]
Gold:   351        SH:  5    Dex: 21    Spells: 8/8 levels left

rFire   . .          .
                       - Unarmed
rCold   . . .        (shield currently unavailable)
rNeg    . . .        y - +0 ring mail
rPois   +            (no helmet)
rElec   .            b - +1 cloak {Stlth+}
rCorr   +            (gloves currently unavailable)
SInv    +            (no barding)
Will    +....        z - amulet of reflection
Stlth   ++           i - ring of resist corrosion
HPRegen 0.30/turn    t - +6 ring of dexterity
MPRegen 0.11/turn

%: reflection
@: blade hands, very slow
A: reduced hp, AC +3, large, see invisible, deformed body, poison resistance,
slowness 2, spit poison 1, naga tail 1
a: Spit Poison, Begin Untransformation, Renounce Religion


You were on level 7 of the Dungeon.
You worshipped Cheibriados.
Cheibriados was noncommittal.
You had blades for hands.
You visited 2 branches of the dungeon, and saw 8 of its levels.

You collected 351 gold pieces.

Inventory:

Missiles
 o - a throwing net
 A - a curare-tipped dart (quivered)
Armour
 a - a +0 animal skin
 b - a +1 cloak of stealth (worn)
 y - a +0 ring mail (worn)
Jewellery
 i - a ring of resist corrosion (left blade hand)
 t - a +6 ring of dexterity (right blade hand)
 v - a ring of positive energy
 z - an amulet of reflection (around neck)
 B - a ring of protection from cold
 F - a ring of protection from cold
 I - a ring of wizardry
Talismans
 c - a beast talisman
 d - a flux talisman
 e - a blade talisman (active)
 w - a maw talisman
Wands
 C - a wand of flame (18)
Scrolls
 j - 2 scrolls of revelation
 m - a scroll of noise {unknown}
 n - 3 scrolls of silence
 p - 4 scrolls of amnesia
 r - a scroll of teleportation
 x - a scroll of identify
 E - a scroll of enchant armour
 G - a scroll of torment {unknown}
Potions
 f - 4 potions of haste
 g - a potion of enlightenment {unknown}
 h - 3 potions of degeneration {unknown}
 k - 2 potions of berserk rage {unknown}
 l - 3 potions of ambrosia {unknown}
 q - 3 potions of curing {unknown}
 s - a potion of attraction {unknown}
 u - a potion of heal wounds {unknown}
 D - 2 potions of brilliance {unknown}
 H - a potion of invisibility {unknown}


   Skills:
 + Level 6.8 Fighting
 - Level 1.5 Dodging
 + Level 7.4 Unarmed Combat
 + Level 7.1 Shapeshifting


You had 8 spell levels left.
You didn't know any spells.
Your spell library contained the following spells:

 Spells                   Type           Power      Damage    Failure   Level
 Lesser Beckoning         Tloc           0%         N/A       67%         2
 Fugue of the Fallen      Necr           0%         N/A       88%         3
 Gell's Gravitas          Tloc           0%         N/A       88%         3
 Ozocubu's Armour         Ice            0%         N/A       88%         3
 Teleport Other           Tloc           0%         N/A       88%         3
 Manifold Assault         Tloc           0%         N/A       99%         4


Dungeon Overview and Level Annotations

Branches:
Dungeon (7/15)             Temple (1/1) D:6

Altars:
Ashenzari
Cheibriados
Fedhas
Gozag
Kikubaaqudgha
Okawaru
Qazlal
Ru
Sif Muna
Trog
Uskayaw
Vehumet
Wu Jian
Xom
Yredelemnul
Zin
The Shining One

Shops:
D:1 =   D:2 :   D:5 *


Innate Abilities, Weirdness & Mutations

You have blades for hands.
Your maximum health is decreased, since you lack skill for your form.
You are incapable of wielding weapons or throwing items.
Your serpentine skin is tough. (AC +3)
You have supernaturally acute eyesight. (SInv)
Armour fits poorly on your strangely shaped body.
Your system is resistant to poisons. (rPois)
You cover ground very slowly.
You can spit poison.
You have a snake-like lower body.


Message History

You continue transforming.
The black bear completely misses you. The black bear closely misses you.
You block the black bear's attack. The orc warrior closely misses you.
You continue transforming.
The black bear bites you. The black bear claws you.
The black bear claws you but does no damage.
You block the orc warrior's attack.
Your transformation has ended.
Your +1 cloak of stealth unmelds from your body.
You feel stealthy.
Your hands turn into razor-sharp scythe blades.
The black bear bites you. The black bear claws you.
The black bear closely misses you. The orc warrior misses you.
Unknown command.
You barely miss the black bear.
The black bear is lightly wounded.
The black bear bites you but does no damage.
The black bear claws you but does no damage. x2
The orc warrior hits you from afar with a +0 glaive!
Unknown command.
Unknown command.
You slice the black bear!!
The black bear is almost dead.
The orc hits you but does no damage.
The black bear goes berserk!
The orc warrior hits you from afar with a +0 glaive.
Unknown command.
You slash the black bear!
You kill the black bear!
Cheibriados appreciates the change of pace.
You block the orc's attack.
Unknown command.
The orc hits you with a +0 dagger.
The orc warrior hits you with a +0 glaive.
* * * LOW HITPOINT WARNING * * *
You block the orc's attack. The orc hits you but does no damage.
The orc warrior hits you with a +0 glaive!
* * * LOW HITPOINT WARNING * * *
The orc hits you with a +0 trident!
You die...
Cheibriados appreciates the motionlessness of death.

....)##รท......##.....##....##.#.#
.......)#.#.#...........#.#.#.#.#
#...#.#.#...#.#.#...#.#.#...#.#..
#.#.#o..........#.#.#............
......##.....##.......##.....##..
..#.....o.........#..............
..#....#.###.#....#....#.###.#...
..#...........ooo.#............##
...... #.....##o@.....##.....####
#.#.#. .........#.#.#......[...##
#...# .#...#.#.#...#.#.#...#.###
.. #.#.#...........#.#.#..## ....
..##.....##.......###
...#...............#.....# #.$
.#.###.#....#....## #..
............#.....# ...##.. .
#.....##.......###


You could see an orc warrior and 3 orcs.

Vanquished Creatures
  A black bear (D:7)
  A sky beast (D:7)
  An ice beast (D:6)
  2 ogres (D:5)
  A centaur (D:7)
  2 phantoms
  3 bullfrogs
  A kobold brigand (D:5)
  Blork the orc (D:6)
  A scorpion (D:4)
  4 killer bees
  3 howler monkeys
  3 bombardier beetles (D:5)
  A hound (D:7)
  A gnoll bouda (D:5)
  An orc priest (D:4)
  A jelly (D:5)
  Crazy Yiuf (D:2)
  3 sleepcaps
  Jessica (D:2)
  4 orc wizards
  5 gnolls
  10 adders
  A shadow imp (D:5)
  2 white imps (D:5)
  7 dart slugs
  A ribbon worm (D:3)
  12 orcs
  10 ball pythons
  9 endoplasms
  3 giant cockroaches
  8 goblins
  8 hobgoblins
  5 jackals
  14 kobolds
  6 quokkas
  8 bats
  4 frilled lizards
  2 rats (D:2)
152 creatures vanquished.

Notes
Turn   | Place    | Note
-------+----------+-------------------------------------------
     0 | D:1      | MagicSucks the Naga Shapeshifter began the quest for the
                  | Orb.
     0 | D:1      | Reached XP level 1. HP: 18/18 MP: 1/1
   119 | D:1      | Reached XP level 2. HP: 25/25 MP: 2/2
   452 | D:1      | Reached XP level 3. HP: 31/31 MP: 3/3
   538 | D:1      | Found Hakkaeci's Jewellery Shoppe.
   746 | D:2      | Noticed Jessica
   757 | D:2      | Killed Jessica
   758 | D:2      | Reached XP level 4. HP: 31/39 MP: 4/4
   787 | D:2      | Found Sogahilu's Book Shop.
  1101 | D:2      | Found a runed translucent door.
  1102 | D:2      | Noticed Crazy Yiuf
  1628 | D:2      | Killed Crazy Yiuf
  1629 | D:2      | Reached XP level 5. HP: 46/46 MP: 5/5
  3010 | D:4      | Reached XP level 6. HP: 41/56 MP: 6/6
  3451 | D:4      | Found a glowing silver altar of Zin.
  3856 | D:5      | Entered Level 5 of the Dungeon
  3862 | D:5      | Reached skill level 5 in Shapeshifting
  3862 | D:5      | Reached XP level 7. HP: 62/63 MP: 7/7
  3968 | D:4      | Reached skill level 5 in Unarmed Combat
  4764 | D:5      | Found Posyetul's Overcharged Wands.
  5655 | D:5      | Reached XP level 8. HP: 69/73 MP: 8/8
  5667 | D:5      | Reached skill level 5 in Fighting
  5966 | D:6      | Noticed Blork the orc
  5974 | D:6      | Killed Blork the orc
  6589 | D:6      | Found a staircase to the Ecumenical Temple.
  6611 | Temple   | Entered the Ecumenical Temple
  6619 | Temple   | Became a worshipper of Cheibriados the Contemplative
  7312 | D:7      | Reached XP level 9. HP: 44/85 MP: 9/9
  8009 | D:7      | Slain by an orc

Illustrated notes

Levels and vault maps discovered:
D:1:      dpeg_arrival_rhombi, layout_loops_ring, serial_shops,
          nicolae_shop_peninsula, minmay_statues_item, serial_bayou_ford_a
D:2:      minmay_skewed_foursquare, layout_basic, serial_shops,
          nicolae_shop_tiny_waterfront, minmay_pentomino_p2,
          uniq_crazy_yiuf_cottage, uniq_jessica
D:3:      minmay_diamond_boxcup, layout_basic, serial_park_tiny_pond,
          st_stairs_1
D:4:      layout_gridville, zin_treasury, minmay_surrounded
D:5:      layout_cave_pools, nicolae_shop_overcharged_wands
D:6:      layout_basic, minmay_temple_entry_glass, uniq_blork_the_orc
D:7:      nicolae_cairo_tiling_large_dashed, layout_loops_ring
Temple:   compressed_dpeg_triangle_lava_temple

Skill      XL: |  1  2  3  4  5  6  7  8  9 |
---------------+----------------------------+-----
Fighting       | 2 3 4 6 |  6.8
Shapeshifting  | 4 5 6 7 |  7.1
Unarmed Combat | 4 5 7 |  7.4
Dodging        | |  1.5

Action                     |  1- 3 |  4- 6 |  7- 9 || total
---------------------------+-------+-------+-------++-------
  Melee: Unarmed           |    66 |   163 |   191 ||   420
         Punch             |     1 |     2 |     7 ||    10
  Throw: Dart              |       |       |     1 ||     1
Ability: Spit Poison       |    17 |    20 |    12 ||    49
  Evoke: Wand              |       |       |     6 ||     6
    Use: Scroll            |     1 |     6 |     4 ||    11
         Potion            |       |     1 |       ||     1
   Stab: Sleeping          |       |     1 |       ||     1
 Armour: Animal skin       |    47 |    89 |       ||   136
         Skin              |       |     8 |       ||     8
         Ring mail         |       |    19 |   193 ||   212
  Dodge: Dodged            |    35 |    87 |    94 ||   216
  Block: Other             |       |     1 |    36 ||    37
         Reflection        |       |     1 |     1 ||     2
   Form: Beast             |     1 |     1 |     3 ||     5
         Blade             |     1 |       |     3 ||     4
         Flux              |       |     2 |       ||     2
         Maw               |       |       |     1 ||     1

Table legend: (Time is in decaauts)
 A = Elapsed time spent in this place.
 B = Non-inter-level travel time spent in this place.
 C = Inter-level travel time spent in this place.
 D = Time resting spent in this place.
 E = Time spent auto-exploring this place.
 F = Levels seen in this place.
 G = Mean time per level.
                   A        B        C        D        E       F      G
               +--------+--------+--------+--------+--------+-----+--------+
         Total |   9938 |   9581 |    357 |   2440 |   5492 |   8 | 1242.2 |
       Dungeon |   9913 |   9569 |    344 |   2440 |   5492 |   7 | 1416.1 |
        Temple |     24 |     11 |     13 |      0 |      0 |   1 |   24.0 |
               +--------+--------+--------+--------+--------+-----+--------+

Top non-repeatable levels by time:
     D:5: 1980 daAuts
     D:6: 1935 daAuts
     D:4: 1716 daAuts
     D:3: 1440 daAuts
     D:2: 1281 daAuts
     D:1: 917 daAuts
     D:7: 641 daAuts
  Temple: 24 daAuts
